Cogmind - Beta 16.1 @@@ ROGUE MODE // 2026.02.16 @ 19:17:01 Player: Hazmat Result: Destroyed by D-53 Grenadier with Mini Grenade Launcher Performance ------------- Evolutions (0) 0 Regions Visited (2) 400 Robots Destroyed (18) 90 Value Destroyed (146) 146 Prototype IDs (2) 40 Alien Tech Used (0) 0 Bonus (0) 0 TOTAL SCORE: 676 Bonus ------- None Cogmind --------- Core Integrity 0/250 Matter 261/300 Energy 90/100 System Corruption 10% Temperature Cool (0) Movement Rolling (80) Location -10/Mines Parts ------- > --- POWER (1) -------- (None) > --- PROPULSION (2) --- Wheel Wheel > --- UTILITY (2) ------ Medium Storage Unit Seismic Detector > --- WEAPON (2) ------- Small Laser Rocket Launcher > --- INVENTORY (10) --- Light Ion Engine Aluminum Leg Wheel Wheel Wheel Heat Sink Heat Sink Medium Laser Peak State ------------ > --- POWER ------------ Ion Engine > --- PROPULSION ------- Wheel Wheel > --- UTILITY ---------- Medium Storage Unit Seismic Detector > --- WEAPON ----------- Small Laser Rocket Launcher > --- INVENTORY -------- Light Ion Engine Aluminum Leg Wheel Wheel Wheel Wheel Wheel Heat Sink Heat Sink Medium Laser [Rating: 9] Favorites ----------- Power Ion Engine Engine Ion Engine Propulsion Wheel Wheel Wheel Utility Seismic Detector Device Seismic Detector Storage Medium Storage Unit Weapon Small Laser Energy Gun Small Laser Launcher Rocket Launcher Build | -11 -10 -10 ------- Run | Yrd Mat Min Slots Evolved . | . . . Power . | . . . Propulsion . | . . . Utility . | . . . Weapon . | . . . Parts Attached 15 | 10 2 3 Power 1 | 1 . . Engine 1 | 1 . . Core . | . . . Reactor . | . . . Propulsion 8 | 5 1 2 Treads . | . . . Leg . | . . . Wheel 8 | 5 1 2 Hover . | . . . Flight . | . . . Utility 3 | 2 1 . Device 1 | 1 . . Storage 2 | 1 1 . Processor . | . . . Hackware . | . . . Protection . | . . . Artifact . | . . . Weapon 3 | 2 . 1 Energy Gun 2 | 2 . . Energy Cannon . | . . . Ballistic Gun . | . . . Ballistic Cannon . | . . . Launcher 1 | . . 1 Special Weapon . | . . . Impact Weapon . | . . . Slashing Weapon . | . . . Piercing Weapon . | . . . Special Melee Weapon . | . . . Unidentified Prototypes . | . . . Parts Lost 3 | . . 3 Power 1 | . . 1 Propulsion 2 | . . 2 Utility . | . . . Weapon . | . . . Highest Loss Streak 3 | . . 3 To Critical Strikes . | . . . Average Backups 8 | 6 8 9 Power . | . 1 1 Propulsion 6 | 5 7 6 Utility . | . . 2 Weapon . | . . . Tool/Special . | . . . Unused Backups 12 | 6 . 6 Power 1 | . . 1 Propulsion 9 | 6 . 3 Utility 2 | . . 2 Weapon . | . . . Tool/Special . | . . . Average Slot Usage (%) 99 | . 100 98 Engine 13 | . 14 13 Wheel 28 | . 28 28 Device 14 | . 14 14 Storage 14 | . 14 14 Energy Gun 27 | . 28 27 Peak Build Rating 9 | 7 8 9 Average Rating 7 | 6 7 7 On Entrance 5 | . 7 8 Avg Prop Armor Cover (%) . | . . . Naked Turns . | . . . Heaviest Build 21 | 14 19 21 Greatest Support 26 | 26 20 20 Greatest Overweight (x) 3 | 3 . 1 Average Overweight (x) . | . . . Largest Inventory Capacity 10 | 8 10 10 Average Capacity 9 | 7 9 10 Most Carried 10 | 8 10 10 Average Carried 8 | 6 8 9 Final Capacity 10 | 8 10 10 Final Carried 10 | 8 10 8 Class Distribution -------------------- 100% | Mutant Dominant Class ---------------- Mutant | -10/Materials Mutant | -10/Mines Resources | -11 -10 -10 ----------- Run | Yrd Mat Min Matter Collected 320 | 300 20 . Remotely . | . . . Salvage Created 343 | 232 111 . Parts 32 | 24 8 . Haulers Intercepted . | . . . Recyclers Shooed . | . . . Parts Field Recycled . | . . . Retrieved Matter . | . . . Parts Self-Destructed . | . . . Prevented . | . . . Parts Restored . | . . . Kills | -11 -10 -10 ------- Run | Yrd Mat Min Combat Hostiles Destroyed 7 | . 5 2 Guns 5 | . 5 . AOE 2 | . . 2 Classes Destroyed 6 | 3 2 1 Worker 2 | 2 . . Tunneler 8 | 8 . . Recycler 1 | 1 . . Watcher 2 | . 2 . Swarmer 5 | . 5 . Assembled 2 | . . 2 Best Kill Streak 3 | 3 3 2 Combat Bots Only 3 | . 3 2 Max Kills in Single Turn 2 | 1 1 2 Gunslinging . | . . . Exploded 2 | . . 2 Melee . | . . . Uniques/NPCs Destroyed . | . . . Combat | -11 -10 -10 -------- Run | Yrd Mat Min Hostile Shots Fired 52 | . 41 11 Missed 15 | . 12 3 Hits 37 | . 29 8 Melee 5 | . . 5 Projectile 32 | . 29 3 AOE 6 | . . 6 Critical Strikes 1 | . 1 . Damage Taken 789 | . 235 554 Core 255 | . 72 183 Absorbed by Shields . | . . . Core Remaining (%) 100 | 100 . . Volleys Fired 54 | 26 21 7 Largest 2 | 2 2 2 Hottest 90 | 90 90 90 Shots Fired 103 | 50 40 13 Gun 101 | 50 40 11 Cannon . | . . . Launcher 2 | . . 2 Special . | . . . Kinetic . | . . . Thermal 101 | 50 40 11 Explosive 2 | . . 2 Electromagnetic . | . . . Robot Hit Streak 6 | 6 3 4 Robot Miss Streak 9 | 8 9 2 Penetration Max . | . . . Secondary Targets 1 | . 1 . Max Gunslinging Chain 1 | . 1 . Shots Hit Robots 47 | 24 16 7 Core Hits 26 | 12 7 7 Critical Kills . | . . . Critical Parts Destroyed . | . . . Critical Strikes 2 | . 1 1 Burn 2 | . 1 1 Melee Attacks . | . . . Impact . | . . . Slashing . | . . . Piercing . | . . . Sneak Attacks . | . . . Combat Hostiles . | . . . Follow-up Attacks . | . . . Damage Inflicted 717 | 293 211 213 Guns 570 | 293 211 66 Cannons . | . . . Explosions 144 | . . 144 Melee . | . . . Ramming 3 | . . 3 Kinetic . | . . . Thermal 570 | 293 211 66 Explosive 144 | . . 144 Electromagnetic . | . . . Impact . | . . . Slashing . | . . . Piercing . | . . . Highest Corruption 10 | . . 10 Average Corruption 10 | . . 10 Corruption Purged . | . . . Corruption Blocked . | . . . Overload Shots . | . . . Overflow Damage 13 | . . 13 Projectiles . | . . . Explosions 13 | . . 13 Melee . | . . . Knockbacks . | . . . Impact . | . . . Kinetic . | . . . Secondary . | . . . Self-Inflicted Damage 1 | . . 1 Shots . | . . . Rammed 1 | . . 1 Targets Rammed 1 | . . 1 Kicked . | . . . Crushed . | . . . Highest Temperature 240 | 120 240 110 Average Temperature 66 | 42 97 56 Received Heat Transfer . | . . . Siege Activations . | . . . Martial Activations . | . . . Shielding Activations . | . . . Robots Disrupted . | . . . Combat Hostiles . | . . . Robots Corrupted . | . . . Combat Hostiles . | . . . Parts Fried . | . . . Impact Corruptions . | . . . Robots Melted . | . . . Combat Hostiles . | . . . Parts Melted 5 | 3 2 . Heat Transferred 1673 | 769 644 260 Parts Sabotaged . | . . . Parts Stolen . | . . . Parts Stripped . | . . . Power Chain Reactions . | . . . Alert | -11 -10 -10 ------- Run | Yrd Mat Min Maximum Alert Level . | . . . Low Security (%) 100 | 100 100 100 Level 1 . | . . . Level 2 . | . . . Level 3 . | . . . Level 4 . | . . . Level 5 . | . . . High Security . | . . . Max Security . | . . . Peak Influence 81 | 15 81 16 Initial 16 | . . 16 Average 14 | 2 29 3 Influence Increases 217 | 55 153 9 Destroy 0b10 Robot/C 100 | . 100 . Destroy 0b10 Robot/NC 65 | 55 10 . Destroy Leader 24 | . 24 . Successful Hack 19 | . 19 . Destroy Structure 9 | . . 9 Influence Decreases 208 | 55 110 43 Entered New Map 27 | . . 27 Time Decay 181 | 55 110 16 Squads Dispatched . | . . . Investigation . | . . . Extermination . | . . . Reinforcement . | . . . Assault . | . . . Garrison . | . . . Intercept . | . . . Searches Triggered . | . . . Construction Impeded . | . . . Haulers Reinforced . | . . . Active Scanning Responses . | . . . Cargo Convoy Interrupts . | . . . Stealth | -11 -10 -10 --------- Run | Yrd Mat Min Distress Signals 1 | . 1 . Communications Jammed . | . . . Distress Signals . | . . . Times Spotted 32 | . 9 23 Peak Tracking Total 20 | . 5 20 Tactical Retreats 1 | . . 1 Traps | -11 -10 -10 ------- Run | Yrd Mat Min Traps Triggered . | . . . Indirectly . | . . . Trap Hack Attempts . | . . . Triggered . | . . . Disarmed . | . . . Reprogrammed . | . . . Reused . | . . . Traps Extracted . | . . . Installed . | . . . Triggered . | . . . Machines | -11 -10 -10 ---------- Run | Yrd Mat Min Machines Disabled . | . . . Max in Single Turn . | . . . Machines Repaired . | . . . Machines Dismantled . | . . . Machines Sabotaged . | . . . Overloaded Fab Kills . | . . . Hacking | -11 -10 -10 --------- Run | Yrd Mat Min Machines Accessed 4 | . 4 . Terminals 4 | . 4 . Fabricators . | . . . Repair Stations . | . . . Recycling Units . | . . . Scanalyzers . | . . . Garrison Access . | . . . Total Hacks 7 | . 7 . Successful 4 | . 4 . Failed 3 | . 3 . Catastrophic 1 | . 1 . Database Lockouts . | . . . Manual . | . . . Terminals 7 | . 7 . Fabricators . | . . . Repair Stations . | . . . Recycling Units . | . . . Scanalyzers . | . . . Garrison Access . | . . . Terminal Hacks 4 | . 4 . Prototype ID Bank 1 | . 1 . Branch Access Points 1 | . 1 . Emergency Access Points 1 | . 1 . Locate Traps 1 | . 1 . Fabricator Hacks . | . . . Repair Station Hacks . | . . . Recycling Unit Hacks . | . . . Scanalyzer . | . . . Garrison Access Hacks . | . . . Unauthorized Hacks . | . . . Terminals . | . . . Fabricators . | . . . Repair Stations . | . . . Recycling Units . | . . . Scanalyzers . | . . . Garrison Access . | . . . Data Cores Recovered . | . . . Used . | . . . Hacking Detections 3 | . 3 . Full Trace Events . | . . . Feedback Events . | . . . Feedback Blocked . | . . . Robot Schematics Acquired . | . . . Robots Built . | . . . Authchips . | . . . Time . | . . . Total Robot Build Rating . | . . . Part Schematics Acquired . | . . . Parts Built . | . . . Authchips . | . . . Time . | . . . Total Part Build Rating . | . . . Part Studies Acquired . | . . . Parts Repaired . | . . . Time . | . . . Parts Recycled . | . . . Recycled Matter . | . . . Retrieved Matter . | . . . Retrieved Components . | . . . Parts Scanalyzed . | . . . Part Schematics Acquired . | . . . Parts Damaged . | . . . Bothacking | -11 -10 -10 ------------ Run | Yrd Mat Min Used RIF Installer . | . . . Robots Hacked . | . . . Non-combat . | . . . Combat . | . . . Robot Hacks Applied . | . . . Relay Couplers Released . | . . . Fabnet Peak Effective % . | . . . Robots Rewired . | . . . Allies Hacked . | . . . Hacks Repelled . | . . . Allies | -11 -10 -10 -------- Run | Yrd Mat Min Total Allies . | . . . Largest Group . | . . . Highest-Rated Group . | . . . Highest-Rated Ally . | . . . Total Orders . | . . . Ally Attacks . | . . . Total Damage . | . . . Kills . | . . . Allies Corrupted . | . . . Allies Melted . | . . . Intel | -11 -10 -10 ------- Run | Yrd Mat Min Active Infowar (turns) 751 | 241 376 134 Seismic 751 | 241 376 134 Robot Analysis Total . | . . . Derelict Logs Recovered 1 | . . 1 Drone Launches . | . . . Drone Recoveries . | . . . Exploration | -11 -10 -10 ------------- Run | Yrd Mat Min Turns Passed 835 | 325 376 134 Spaces Moved 697 | 214 388 95 Core 12 | 12 . . Treads . | . . . Legs . | . . . Wheels 685 | 202 388 95 Hover . | . . . Flight . | . . . Fastest Speed 50 | 50 80 80 Average Speed 80 | 80 80 80 Slowest Speed 200 | 200 80 95 Overloaded Moves . | . . . Propulsion Burnouts . | . . . Robots Hopped . | . . . Potential Cave-ins . | . . . Cave-ins Triggered 1 | . . 1 Exploration Rate (%) 25 | 5 56 16 Regions Visited 2 Branch Regions 1 Pre-discovered Areas . | . . . Known Exits Taken 1 | . 1 . Unknown Exits Taken 1 | 1 . . Scrap Searched . | . . . Spaces Dug . | . . . Terrain Destroyed 12 | . . 12 Melee . | . . . Projectile . | . . . AOE 12 | . . 12 Terrain Rammed . | . . . Walls Destroyed . | . . . Machines Disabled . | . . . Actions | -11 -10 -10 --------- Run | Yrd Mat Min Total 878 | 325 413 140 Wait 77 | 45 . 32 Move 695 | 213 387 95 Hop . | . . . Pick Up 21 | 18 2 1 Fast Attach 7 | 7 . . Attach 2 | . . 2 Detach . | . . . Swap 6 | 3 2 1 Drop 15 | 13 1 1 Fire 54 | 26 21 7 Melee . | . . . Ram 1 | . . 1 Kick . | . . . Crush . | . . . Escape Stasis . | . . . Rewire . | . . . Trap . | . . . Miscellaneous . | . . . Route ------- -11/Scrapyard -10/Materials (discovered 3 exits: [*Mat x2] / *Min) -10/Mines (discovered 1 exit: [*Mat]) History --------- Turn | Location | Event 7 | -11/Scrapyard | Discovered new exit (range 16) 326 | -11/Scrapyard | Entered Materials 337 | -10/Materials | Build established: Mutant 433 | -10/Materials | Discovered new exit (range 6) 493 | -10/Materials | Discovered new exit (range 16) 582 | -10/Materials | Discovered new exit (range 14) 587 | -10/Materials | Identified exit to Mines 702 | -10/Materials | Entered Mines 709 | -10/Mines | Received a Rocket Launcher from a helpful Derelict 714 | -10/Mines | Learned location of 2 exits from Materials 725 | -10/Mines | Discovered new exit (range 9) 795 | -10/Mines | Assembled infested the area 825 | -10/Mines | Crushed by falling debris 825 | -10/Mines | Core integrity fell below 50% 825 | -10/Mines | System corruption reached 10% 834 | -10/Mines | Core integrity fell below 20% 836 | -10/Mines | Destroyed by D-53 Grenadier with Mini Grenade Launcher Last Messages --------------- 00829_ U-05 Engineer lays Concrete. 00830_ U-05 Engineer builds a Wall. 00830_ as-84733 destroyed. 00830_ as-94888 destroyed. 00830_ as-92155 destroyed. 00830_ as-93366 destroyed. 00830_ as-53034 destroyed. 00830_ as-98153 destroyed. 00830_ as-87796 destroyed. 00831_ Destroyed Asb. Hover Unit. 00831_ as-95540 destroyed. 00831_ Destroyed Asb. Hover Unit. 00831_ as-71221 destroyed. 00832_ D-53 Grenadier suffers critical hit (Destroy). 00833_ The unstable cave ceiling collapses. 00833_ Slammed into U-05 Engineer. 00833_ as-58784 destroyed. 00833_ U-05 Engineer destroyed. 00833_ D-53 Grenadier destroyed. 00835_ The unstable cave ceiling collapses. Map ----- +----------------------------------------------------+ | | | | | ??????????????????????????????????????? | | ??????????????????????????????????????? | | ??????????????????????????????????????? | | ??????????????????????????????????????? | | ??????????????????????????????????????? | | ??????????????????????????????????????? | | ??????????????????????????????????????? | | ??????????????????????????????????????? | | ????###???????????????????????????????? | | ???## #??????????????????????????????? | | ???# ??????????????????????????????? | | ??## ??????????????????????????????? | | ?## #??????????????????????????????? | | ?# ##?????????????????????????????? | | ?# ##????????????????????????????? | | ?# ####?????????????????????????? | | ??# ####??????????????????????? | | ???### = ##?????????????????????? | | ?????## #?????????????????????? | | ??????#### # ##?????????????????????? | | ?????????# #####?????????????????????? | | ??######## ### ########?## #?????????? | | ??# r # ????????? | | ??# ###### ==%@ #????????????? | | ??# #????#### ! #?????????? | | ??# #???????# # # #??????????? | | ??# #??????? d ?????????? | | ??# #??????## ?????????? | | ??# #???????# ??????????? | | ??# #???????# ## $ ??????????? | | ?## ##########??# # ! ??????????? | | ?# #????##### ??????????? | | ?# #????????? ?????????? | | ?# #?????????? # ????????? | | ?# """ """ #?????????? #?# ???????? | | ?# """ """ #?????????? ???? ??????? | | ?# """ """ #?????????? ????? ?????? | | ?# #????????? ????? ?????? | | ?# < """ #????????? ?????? ?????? | | ?# """ #????????? ?????? ????? | | ?# """ #????????? ??????? ??????? | | ?# #????????? ??????????????? | | ?# """ """ #????????? ???????????????? | | ?# """ """ #?????????????????????????? | | ?# """ """ #?????????????????????????? | | ?# #?????????????????????????? | | ?############?????????????????????????? | | ??????????????????????????????????????? | +----------------------------------------------------+ Best States ------------- Heat Dissipation 25 Energy Generation 10 Energy Capacity 250 Matter Stores 300 Matter Capacity 300 Sight Range 16 Terrain Scan Density 10 Evasion (%) 50 Item Schematics ----------------- None Robot Schematics ------------------ None Fabricated ------------ Nothing Repaired ---------- Nothing Studied --------- None Alien Tech Used ----------------- None Achievements -------------- Hunted Challenges ------------ None Game ------ Seed BottomlessShockboltClaymores Manual? 0 Play Time 00:12:20 Cumulative 23.1 hours Start 2026.02.16 @ 19:06:51 End 2026.02.16 @ 19:17:01 Sessions 1 Manual Loads 0 Difficulty Rogue Special Mode None Game No. 29 Rogue 29 Adventurer 0 Explorer 0 Win Type - Total 0 Types 0/0/0/0/0/0/0/0/0/0 Lore% 20 Gallery% 20 Achievement% 18 Wizard Run 0 Options --------- Layout 1 ASCII 0 Keyboard 0 Movement Mouse Keybinds 0 Fullscreen 1 Font 32/SmallcapsGlow Map View 77x35 Zoom Use 0% Tactical HUD 1 Map Filters NONE Filters NONE Steam 1 RUN: d9306531-63ab-4ad8-85b0-b395367147a1